 Dungeon Crawl Stone Soup version 0.17-a0-1954-g0dddeaa (webtiles) character file.

242 kosy22 the Shield-Bearer (level 5, -4/47 HPs)
             Began as a Minotaur Fighter on Oct 4, 2015.
             Slain by an orc
             ... wielding a +1 dagger of electrocution
              (16 damage)
             ... on level 3 of the Dungeon.
             The game lasted 00:06:42 (2373 turns).

kosy22 the Shield-Bearer (Minotaur Fighter)         Turns: 2373, Time: 00:06:42

Health: -4/47      AC:  7    Str: 22    XL:     5   Next: 82%
Magic:  4/4        EV:  6    Int:  5    God:
Gold:   132        SH: 15    Dex:  9    Spells: 0 memorised, 4 levels left

rFire  . . .     SeeInvis .     a - +0 war axe
rCold  . . .     Clarity  .     b - +0 scale mail
rNeg   . . .     SustAt   .     l - +0 large shield
rPois  .         Gourm    .     (helmet restricted)
rElec  .         Spirit   .     (no cloak)
rCorr  .         Warding  .     (no gloves)
rMut   +         Stasis   .     (no boots)
MR     .....                    k - amulet of resist mutation
Stlth  ..........               (no ring)
                                i - ring of wizardry

@: not resistant to hostile enchantments, extremely unstealthy
A: retaliatory headbutt, horns 2
a: no special abilities


You were on level 3 of the Dungeon.
You were not hungry.

You visited 1 branch of the dungeon, and saw 3 of its levels.

You collected 132 gold pieces.

Inventory:

Hand weapons
 a - a +0 war axe (weapon)
Missiles
 n - 5 tomahawks (quivered)
Armour
 b - a +0 scale mail (worn)
 c - a +0 shield
 l - a +0 large shield (worn)
 m - a +0 ring mail
Jewellery
 i - a ring of wizardry (left hand)
 k - an amulet of resist mutation (around neck)
Magical devices
 j - a wand of flame (22)
 q - a wand of lightning (12)
Scrolls
 f - a scroll of teleportation
Potions
 d - 3 potions of might
 g - a potion of curing
 s - a potion of agility
Comestibles
 e - 4 bread rations
 p - a fruit


   Skills:
 + Level 4.7 Fighting
 + Level 3.6 Axes
 + Level 4.7 Armour
 + Level 1.9 Dodging
 + Level 5.5 Shields


You had 4 spell levels left.
You didn't know any spells.

Dungeon Overview and Level Annotations

Branches:
Dungeon (3/15)

Altars:


Innate Abilities, Weirdness & Mutations

You reflexively headbutt those who attack you in melee.
You have a pair of horns on your head.


Message History

You closely miss the adder. You closely miss the kobold.
The adder bites you but does no damage. You block the kobold's attack.
You block the adder's attack. The goblin hits you but does no damage.
You miss the adder. You hit the kobold.
You kill the kobold!
You barely miss the orc. You hit the goblin.
You kill the goblin!
The adder bites you but does no damage. You block the orc's attack.
The adder bites you but does no damage. The orc hits you but does no damage.
You are electrocuted!
* * * LOW HITPOINT WARNING * * *
You hit the orc.
The orc is lightly wounded.
You hit the adder.
The adder is moderately wounded.
You feel sick.
You are no longer poisoned.
You block the adder's attack. The orc hits you but does no damage.
You are electrocuted!
You die...

**,,,* #...# #...##########
######* #...#.........
#%..$.* #...#)........
#.....* #.$.#.........
***##.....####...#.........
*,,......>.)...............
*,**#....o@S...............
*,* #...()##########..#####
*,* #.....* *,,,.....#* #
*,* #.....* *,...?....# #
*,* #.....* *.........#* #
*,* ######* *..........* #
*,* *........#.#*# *,*
***** *#########..*# *,*
*,,,* **,**


You could see an adder and an orc.

Vanquished Creatures
  The ghost of George the Covered, an average GrFi (D:3)
  Ijyb (D:3)
  Terence (D:2)
  3 adders
  2 oozes (D:1)
  A worm (D:3)
  2 orcs (D:3)
  2 ball pythons (D:3)
  2 giant cockroaches
  8 hobgoblins
  5 jackals
  12 kobolds
  2 quokkas (D:2)
  5 bats
  3 giant geckos
  2 giant newts (D:2)
  11 goblins
  8 rats
  A bush (D:1)
  2 plants (D:1)
74 creatures vanquished.

Notes
Turn   | Place    | Note
--------------------------------------------------------------
     0 | D:1      | kosy22 the Minotaur Fighter began the quest for the Orb.
     0 | D:1      | Reached XP level 1. HP: 19/19 MP: 0/0
   261 | D:1      | Reached skill level 4 in Shields
   263 | D:1      | Reached XP level 2. HP: 24/27 MP: 1/1
   768 | D:2      | Reached XP level 3. HP: 33/33 MP: 2/2
  1001 | D:2      | Found a faded altar to an unknown god.
  1292 | D:2      | Noticed Terence
  1305 | D:2      | Killed Terence
  1305 | D:2      | Reached skill level 1 in Dodging
  1305 | D:2      | Reached XP level 4. HP: 18/40 MP: 3/3
  1862 | D:3      | Noticed Ijyb
  1877 | D:3      | Killed Ijyb
  1877 | D:3      | Reached skill level 5 in Shields
  1931 | D:3      | Reached XP level 5. HP: 44/47 MP: 4/4
  1985 | D:3      | Noticed George's ghost (average GrFi)
  2010 | D:3      | Killed George's ghost
  2373 | D:3      | Slain by an orc

Vault maps used:
D:1:      dpeg_arrival_orchard, lexackson_kobold_supper
D:2:      ecumenical_altar_2, st_stairs_5, uniq_terence
D:3:      kennysheep_goblin_castle, first_bread

Action                   |  1- 3 |  4- 6 || total
-------------------------+-------+-------++-------
Melee: War axe           |   153 |    81 ||   234
Throw: Tomahawk          |     2 |       ||     2
  Use: Scroll            |     1 |     4 ||     5
       Potion            |       |     5 ||     5
  Eat: Fruit             |     2 |       ||     2
       Bread ration      |       |     1 ||     1
